 Dungeon Crawl Stone Soup version 0.28.0-53-g5a82cb258f (webtiles) character file.

Game seed: 13062515169868071731

70 issech the Chopper (level 4, -5/41 HPs)
             Began as a Minotaur Monk on June 26, 2022.
             Slain by Sigmund
             ... wielding a +0 scythe
              (8 damage)
             ... on level 1 of the Dungeon.
             The game lasted 00:05:10 (1445 turns).

issech the Chopper (Minotaur Monk)                  Turns: 1445, Time: 00:05:10

Health: -5/41      AC:  5    Str: 15    XL:     4   Next: 3%
Magic:  3/3        EV: 12    Int:  7    God:
Gold:   69         SH:  0    Dex: 15    Spells: 3/3 levels left

rFire   . . .      SeeInvis .   m - +0 long sword
rCold   . . .      Faith    .   (no shield)
rNeg    . . .      Spirit   .   l - +0 ring mail
rPois   .          Reflect  .   (helmet restricted)
rElec   .          Harm     .   (no cloak)
rCorr   .          Rampage  .   (no gloves)
Will    .....                   (no boots)
Stlth   +.........              (no amulet)
HPRegen 0.13/turn               (no ring)
MPRegen 0.08/turn               (no ring)

@: no status effects
A: horns 2, retaliatory headbutt
a: no special abilities


You were on level 1 of the Dungeon.
You visited 1 branch of the dungeon, and saw 2 of its levels.

You collected 69 gold pieces.

Inventory:

Hand Weapons
 a - a +0 hand axe
 m - a +0 long sword (weapon)
 n - a +0 mace
Missiles
 f - 10 poisoned darts (quivered)
 g - 45 bolts
 i - 17 stones
 s - 4 javelins
 t - 24 sling bullets
Armour
 l - a +0 ring mail (worn)
Scrolls
 j - a scroll of noise {unknown}
 k - 2 scrolls of identify {unknown}
 o - a scroll of vulnerability {unknown}
 p - a scroll of amnesia {unknown}
 r - a scroll of enchant weapon {unknown}
Potions
 b - a potion of brilliance {unknown}
 c - a potion of invisibility {unknown}
 d - a potion of magic {unknown}
 e - a potion of heal wounds {unknown}
 h - a potion of curing {unknown}
 q - 3 potions of lignification {unknown}


   Skills:
 + Level 4.3 Fighting
 + Level 0.2 Long Blades
 + Level 4.6 Axes
 + Level 0.5 Armour
 + Level 3.8 Dodging
 + Level 1.8 Stealth


You had 3 spell levels left.
You didn't know any spells.
Your spell library was empty.

Dungeon Overview and Level Annotations

Branches:
Dungeon (2/15)

Altars:

Annotations:
D:1 Sigmund


Innate Abilities, Weirdness & Mutations

You have a pair of horns on your head.
You reflexively headbutt those who attack you in melee.


Message History

Reactivating autopickup.
There is a stone staircase leading down here.
You start resting.
HP restored.
You climb downwards.
Level annotation: Sigmund
There is a stone staircase leading up here.
Sigmund gestures at you while chanting.
You are confused.
You bump into the rock wall.
There is a stone staircase leading up here.
You bump into the rock wall.
Sigmund gestures wildly while chanting.
Sigmund flickers and vanishes!
Deactivating autopickup; reactivate with Ctrl-A.
You bump into the rock wall.
Something hits you.
You closely miss something. Something hits you.
You feel less confused.
You climb upwards.
Reactivating autopickup.
There is a stone staircase leading down here.
Something hits you.
Deactivating autopickup; reactivate with Ctrl-A.
Something hits you but does no damage.
There is a stone staircase leading down here.
You barely miss something. You headbutt something.
You hear some strange, mumbled words.
A magic dart appears from out of thin air!
The magic dart hits you but does no damage.
You closely miss something. Your headbutt misses something.
You punch something. Something hits you.
You closely miss something. Something hits you.
You hit something. Something hits you but does no damage.
You hit something. Something hits you!
* * * LOW HITPOINT WARNING * * *
You closely miss something. You hit something. Something hits you!
* * * LOW HITPOINT WARNING * * *
Something hits you!
You die...

##.......#...#.....###.#....# #
##.###.†###.###.............# #
...# #...#...#..............# #
##.###.....####....###.###..# #
##.........# #....###.# #..# #
####.##....## #........# #..# ##
#†..........# #........###..####.
..###.#.###.###...###............
#.# #.#.# #....{@.# #..###..#####
..###.#.###.###..)###..# #..#
......#.........#......###..#####
..#########.###..................
......#......###.#####.##########
#.###.#.###............# #.#
#.#.# #..###########
#.###.#.###..# #...†........#


There were no monsters in sight!

Vanquished Creatures
  2 adders (D:2)
  A worm (D:2)
  5 dart slugs
  5 bats
  5 endoplasms
  A giant cockroach (D:2)
  2 goblins
  2 jackals (D:2)
  A quokka (D:1)
  3 ball pythons
  2 frilled lizards
  3 kobolds (D:1)
  6 rats
38 creatures vanquished.

Notes
Turn   | Place    | Note
-------+----------+-------------------------------------------
     0 | D:1      | issech the Minotaur Monk began the quest for the Orb.
     0 | D:1      | Reached XP level 1. HP: 19/19 MP: 0/0
   233 | D:1      | Reached XP level 2. HP: 22/27 MP: 1/1
   556 | D:1      | Reached XP level 3. HP: 30/33 MP: 2/2
   879 | D:2      | Found a faded altar of an unknown god.
  1224 | D:2      | Reached XP level 4. HP: 34/41 MP: 3/3
  1380 | D:2      | Noticed Sigmund
  1445 | D:1      | Slain by Sigmund

Illustrated notes

Levels and vault maps discovered:
D:1:      dpeg_arrival_long_road, layout_loops_ring, minmay_misc_feat_cross,
          minmay_misc_feat_plants, kennysheep_doodads, minmay_box_of_dots
D:2:      layout_loops_ring, shapermc_ecumenical_altar_starsandcircs,
          serial_bayou_crossing, uniq_sigmund

Skill      XL: |  1  2 |
---------------+-------+-----
Fighting       | 4 |  4.3
Axes           | 4 |  4.6
Long Blades    | |  0.2
Armour         | |  0.5
Dodging        | |  3.8
Stealth        | |  1.8

Action                   |  1- 3 |  4- 6 || total
-------------------------+-------+-------++-------
Melee: Hand axe          |    31 |       ||    31
       Headbutt          |    12 |     1 ||    13
       Long sword        |    20 |    10 ||    30
       Punch             |       |     1 ||     1
 Stab: Sleeping          |     1 |       ||     1
Armor: Robe              |     6 |       ||     6
       Leather armour    |     5 |       ||     5
       Ring mail         |    10 |     3 ||    13
Dodge: Dodged            |    33 |     3 ||    36
